 Dungeon Crawl Stone Soup version 0.25-b1-50-g7b83aa72e5 (webtiles) character file.

Game seed: 17389269102347703786

6671 gruber the Archer (level 10, -20/90 HPs)
             Began as a Centaur Hunter on June 12, 2020.
             Was a Believer of Okawaru.
             Demolished by Erolcha
             ... wielding a +0 giant club
              (28 damage)
             ... on level 9 of the Dungeon.
             The game lasted 00:15:08 (12810 turns).

gruber the Archer (Centaur Hunter)                 Turns: 12810, Time: 00:15:10

Health: -20/90     AC:  6    Str: 18    XL:     10   Next: 73%
Magic:  19/19      EV: 14    Int: 16    God:    Okawaru [**....]
Gold:   140        SH:  0    Dex: 10    Spells: 9/9 levels left

rFire    + . .     SeeInvis .   y - +2 dagger (venom)
rCold    . . .     Gourm    .   (no shield)
rNeg     . . .     Faith    .   c - +0 leather armour
rPois    .         Spirit   .   (no helmet)
rElec    .         Reflect  .   g - +0 cloak (curse)
rCorr    .         Harm     .   I - +0 pair of gloves "Qittink" {Regen+ MP+9}
MR       .....                  (no barding)
Stlth    +.........             (no amulet)
HPRegen  0.65/turn              k - +6 ring of intelligence
MPRegen  0.16/turn              F - ring of protection from fire

@: slowed
A: large, hooves 3, deformed body, speed 2, tough skin 3
a: Heroism, Renounce Religion


You were on level 9 of the Dungeon.
You worshipped Okawaru.
Okawaru was pleased with you.
You were not hungry.

You visited 2 branches of the dungeon, and saw 10 of its levels.

You collected 396 gold pieces.
You spent 256 gold pieces at shops.

Inventory:

Hand Weapons
 a - a +1 shortbow
 b - a +0 short sword
 w - a +1 mace of protection
 y - a +2 dagger of venom (weapon)
Armour
 c - a +0 leather armour (worn)
 g - a cursed +0 cloak (worn)
 E - a scarf of repulsion
 I - the +0 pair of gloves "Qittink" (worn) {Regen+ MP+9}
   (You bought it in a shop on level 4 of the Dungeon)

   It affects your magic capacity (+9).
   It increases your rate of regeneration.
 L - a +0 scale mail of fire resistance
Jewellery
 k - a +6 ring of intelligence (left hand)
 r - an uncursed ring of flight
 F - a ring of protection from fire (right hand)
 O - a cursed amulet of inaccuracy {unknown}
 P - an uncursed ring of wizardry {unknown}
Wands
 v - a wand of clouds (3)
 z - a wand of polymorph (6)
 B - a wand of acid (6)
 G - a wand of flame (24)
 K - a wand of digging (6)
Scrolls
 e - 3 scrolls of remove curse {unknown}
 j - 7 scrolls of identify
 l - 5 scrolls of immolation {unknown}
 n - 2 scrolls of fog {unknown}
 o - 2 scrolls of amnesia {unknown}
 p - 3 scrolls of teleportation {unknown}
 u - 3 scrolls of blinking {unknown}
 x - a scroll of summoning {unknown}
 D - 2 scrolls of fear {unknown}
Potions
 h - 2 potions of mutation {unknown}
 i - 7 potions of curing {unknown}
 m - 2 potions of berserk rage {unknown}
 q - 3 potions of heal wounds
 s - 4 potions of might {unknown}
 t - 2 potions of magic {unknown}
 A - 2 potions of flight {unknown}
 C - 2 potions of degeneration {unknown}
 H - 2 potions of lignification {unknown}
 J - a potion of ambrosia {unknown}
 N - a potion of brilliance {unknown}
Comestibles
 f - 21 rations


   Skills:
 - Level 8.4 Fighting
 * Level 13.9 Bows
 - Level 10.5 Dodging
 - Level 0.4 Stealth


You had 9 spell levels left.
You didn't know any spells.
Your spell library contained the following spells:

 Spells                   Type           Power        Failure   Level  Hunger
 Animate Skeleton         Necr           N/A          30%         1    ##.....
 Apportation              Tloc           #.....       30%         1    ##.....
 Corona                   Hex            #......      30%         1    ##.....
 Magic Dart               Conj           #...         30%         1    ##.....
 Pain                     Necr           #...         30%         1    ##.....
 Summon Small Mammal      Summ           #...         30%         1    ##.....
 Blink                    Tloc           N/A          41%         2    ###....
 Call Imp                 Summ           #.......     41%         2    ###....
 Slow                     Hex            #.......     41%         2    ###....
 Conjure Flame            Conj/Fire      #.......     65%         3    ####...
 Mephitic Cloud           Conj/Pois/Air  #.......     65%         3    ####...
 Vampiric Draining        Necr           #.........   65%         3    ####...
 Animate Dead             Necr           N/A          96%         4    #####..
 Agony                    Necr           #.......     100%        5    ######.


Dungeon Overview and Level Annotations

Branches:
Dungeon (9/15)             Temple (1/1) D:4            Lair (0/6) D:8
    Orc: D:9-12

Altars:
Ashenzari
Cheibriados
Dithmenos
Elyvilon
Fedhas
Gozag
Hepliaklqana
Kikubaaqudgha
Makhleb
Nemelex Xobeh
Okawaru
Qazlal
Ru
Sif Muna
Trog
Uskayaw
Vehumet
Wu Jian
Xom
Yredelemnul
Zin
The Shining One

Shops:
D:4 [   D:7 }}

Annotations:
D:7 1 runed translucent door, Crazy Yiuf
D:9 Erolcha


Innate Abilities, Weirdness & Mutations

You have hooves in place of feet.
Armour fits poorly on your strangely shaped body.
You cover ground very quickly.
You have extremely tough skin. (AC +3)


Message History

Aim: Erolcha, wielding a +0 giant club and wearing a +0 robe (heavily wounded, very poisoned)
You create a blast of noxious fumes!
Erolcha is engulfed in noxious fumes.
Erolcha appears confused.
Erolcha is engulfed in noxious fumes.
Unknown command.
You completely miss Erolcha.
Erolcha is heavily wounded.
Erolcha barely misses you.
You hit Erolcha.
Erolcha looks even sicker.
You kick Erolcha.
Erolcha is severely wounded.
Erolcha says, "Why is everything spinning?"
Erolcha seems less confused.
Erolcha mumbles some strange words.
Erolcha seems to speed up.
You hit Erolcha. You kick Erolcha, but do no damage.
Erolcha is almost dead.
Erolcha points at you and mumbles some strange words.
The crystal spear hits you!!
* * * LOW HITPOINT WARNING * * *
Erolcha hits you with a +0 giant club!!
You die...

........#.....#...#####
........#.....#........
........+.....#....(...
........#.....#§?((....
........#....##§###
..########'####§..#
..#...............#
..'..)............+
..#........^[...@.#
..######........O.#
#......#..........#
#......#...####.###
#......###+# #.#
#......# ..# #......+
.. #......# ...
#......#


You could see Erolcha (fast, very poisoned).

Vanquished Creatures
  Harold (D:6)
  A two-headed ogre (D:9)
  Pikel (D:7)
  2 hippogriffs
  2 yaks
  4 wraiths (D:7)
  3 hogs (D:8)
  Eustachio (D:4)
  A human (D:8)
  A porcupine (D:7)
  A slave (D:7)
  A black bear (D:8)
  2 ice beasts (D:7)
  An orc warrior (D:8)
  A phantom (D:7)
  A necrophage (D:6)
  2 crocodiles (D:8)
  An elf zombie (D:7)
  4 scorpions
  A troll zombie (D:7)
  10 killer bees
  3 wights
  2 howler monkeys
  2 crimson imps
  2 hounds
  4 human zombies (D:7)
  A bullfrog skeleton (D:8)
  2 bullfrog zombies
  4 orc priests
  2 jellies
  A human skeleton (D:7)
  5 iguanas
  3 orc wizards
  7 worker ants
  A killer bee zombie (D:5)
  A hound zombie (D:6)
  A mummy (D:7)
  4 worker ant zombies
  4 gnolls
  8 adders
  A shadow imp (D:6)
  3 adder skeletons
  A dart slug (D:1)
  6 worms
  3 leopard geckos
  22 orcs
  7 giant cockroaches
  8 hobgoblins
  21 jackals
  5 quokkas
  8 bats
  5 frilled lizards
  15 goblins
  9 kobolds
  A leopard gecko skeleton (D:6)
  A quokka zombie (D:8)
  11 rats
226 creatures vanquished.

Vanquished Creatures (others)
  A slave (D:7)
  A crimson imp (D:7)
  A jackal (D:7)
  4 fungi (D:8)
7 creatures vanquished.

Grand Total: 233 creatures vanquished

Notes
Turn   | Place    | Note
-------+----------+-------------------------------------------
     0 | D:1      | gruber the Centaur Hunter began the quest for the Orb.
     0 | D:1      | Reached XP level 1. HP: 17/17 MP: 1/1
    26 | D:1      | You fall into a shaft and drop 1 floor!
   119 | D:2      | Reached skill level 6 in Bows
   119 | D:2      | Reached XP level 2. HP: 24/24 MP: 2/2
   184 | D:2      | Reached XP level 3. HP: 14/29 MP: 3/3
   464 | D:2      | Found a hazy altar of Hepliaklqana.
   756 | D:2      | Reached skill level 7 in Bows
   970 | D:2      | Found a shadowy altar of Dithmenos.
  1267 | D:2      | Reached XP level 4. HP: 34/37 MP: 4/4
  2793 | D:2      | Reached XP level 5. HP: 46/46 MP: 5/5
  2909 | D:3      | Found an opulent altar of Gozag.
  3499 | D:3      | Found a radiant altar of Vehumet.
  3797 | D:4      | Found a staircase to the Ecumenical Temple.
  3810 | Temple   | Entered the Ecumenical Temple
  4357 | D:4      | Found Laagydaa's Antique Armour Shoppe.
  4403 | D:4      | Reached skill level 5 in Fighting
  4556 | D:4      | Reached XP level 6. HP: 56/56 MP: 6/6
  5260 | D:4      | Found a snail-covered altar of Cheibriados.
  5332 | D:4      | You fall into a shaft and drop 1 floor!
  5332 | D:5      | Entered Level 5 of the Dungeon
  5548 | D:4      | Noticed Eustachio
  5566 | D:4      | Killed Eustachio
  5566 | D:4      | Reached XP level 7. HP: 61/66 MP: 7/7
  5829 | D:5      | Found a basalt altar of Yredelemnul.
  5950 | D:5      | Found a white marble altar of Elyvilon.
  7099 | D:6      | Reached XP level 8. HP: 48/75 MP: 8/8
  7365 | D:6      | Reached skill level 8 in Bows
  8078 | D:7      | Noticed Pikel
  8103 | D:7      | Killed Pikel
  8221 | D:7      | Noticed a hippogriff
  8266 | D:7      | Killed a hippogriff
  8298 | D:7      | Reached XP level 9. HP: 76/82 MP: 9/9
  8378 | D:7      | Found Dacodiqa's Gadget Boutique.
  8504 | D:4      | Bought a pair of translucent gloves for 256 gold pieces
  8504 | D:4      | Identified the +0 pair of gloves "Qittink" {Regen+ MP+9}
                  | (You bought it in a shop on level 4 of the Dungeon)
  8581 | D:7      | Noticed Harold
  8610 | D:6      | Killed Harold
  8878 | D:7      | Found a hide-covered altar of Uskayaw.
  9000 | D:7      | Found Teps's Gadget Emporium.
  9118 | D:7      | Found a runed translucent door.
  9119 | D:7      | Noticed Crazy Yiuf
  9257 | D:7      | Reached skill level 10 in Dodging
  9935 | D:7      | Reached skill level 9 in Bows
  9943 | D:7      | Found an ancient bone altar of Kikubaaqudgha.
 10475 | D:7      | Reached skill level 10 in Bows
 10725 | D:7      | Reached XP level 10. HP: 84/90 MP: 10/10
 11236 | D:8      | Found an iron altar of Okawaru.
 11249 | D:8      | Became a worshipper of Warmaster Okawaru
 11403 | D:7      | Reached skill level 11 in Bows
 11822 | D:8      | Found a staircase to the Lair.
 11973 | D:8      | Reached skill level 12 in Bows
 12052 | D:8      | Reached * piety under Okawaru
 12177 | D:8      | Reached skill level 13 in Bows
 12298 | D:8      | Found a glowing golden altar of the Shining One.
 12751 | D:9      | Noticed a two-headed ogre
 12759 | D:9      | Killed a two-headed ogre
 12759 | D:9      | Reached ** piety under Okawaru
 12783 | D:9      | Noticed Erolcha
 12801 | D:9      | HP: 3/90 [Erolcha/+0 giant club (15)]
 12810 | D:9      | Demolished by Erolcha

Illustrated notes

Levels and vault maps discovered:
D:1:      mushboom_english_gardens, layout_loops_cross, kennysheep_another_room,
          grunt_decor_arrowhead, minmay_tetromino_s4
D:2:      kennysheep_the_goblin_king, layout_loops_ring, lemuel_doored_altar,
          grunt_dithmenos_smoke_and_mirrors
D:3:      layout_basic, grunt_gozag_breadcrumbs, old_standard_altar,
          first_ration
D:4:      layout_loops_ring, cheibriados_altar_1,
          minmay_temple_entry_gardened_gates, serial_shops, shop, uniq_eustachio
D:5:      layout_rooms, kennysheep_ying_yang
D:6:      layout_loops_ring, minmay_manual_mess
D:7:      layout_loops_ring, lemuel_round_altar, serial_shops, shop, shop,
          lemuel_mausoleum_altar_kikubaaqudgha, uniq_harold, uniq_pikel,
          uniq_crazy_yiuf_cottage
D:8:      layout_cave_pools, okawaru_metal_pillars_3, kennysheep_mini,
          grunt_lair_entry_orc_guard_hut, grunt_livestock
D:9:      layout_gridville, special_room [special_room_orc], uniq_psyche,
          uniq_erolcha
Temple:   minmay_temple_forest_path

Skill      XL: |  1  2  3  4  5  6  7  8  9 10 |
---------------+-------------------------------+-----
Bows           | 6 7 8 10 13 | 13.9
Fighting       | 3 5 7 8 |  8.4
Dodging        | 7 10 | 10.5
Stealth        | |  0.4

Action                   |  1- 3 |  4- 6 |  7- 9 | 10-12 || total
-------------------------+-------+-------+-------+-------++-------
Melee: Short sword       |    47 |   165 |       |       ||   212
       Kick              |     7 |    48 |   119 |    79 ||   253
       Dagger            |       |    43 |   229 |   171 ||   443
       Mace              |       |    16 |   126 |    59 ||   201
 Fire: Shortbow          |    31 |    70 |   124 |    29 ||   254
Evoke: Wand              |       |       |     2 |     1 ||     3
  Use: Scroll            |       |       |     1 |       ||     1
       Potion            |       |       |       |     1 ||     1
  Eat: Chunk             |     1 |    11 |    11 |     6 ||    29
       Ration            |       |       |     1 |       ||     1
Armor: Leather armour    |    15 |   101 |   128 |    65 ||   309
Dodge: Dodged            |    30 |   118 |   246 |   211 ||   605
